[Event "ICC tourney 2579 (30 10)"]
[Site "Internet Chess Club"]
[Date "2021.05.22"]
[Round "3"]
[White "DUNIKOV, GLIB:GlibNest"]
[Black "HUANG, IVAN:ihuang"]
[Result "1-0"]
[ICCResult "Black checkmated"]
[WhiteElo "1511"]
[BlackElo "1462"]
[Opening "French: advance, Milner-Barry gambit"]
[ECO "C02"]
[NIC "FR.03"]
[Time "15:00:27"]
[PlyCount "67"]
[TimeControl "1800+10"]

1. e4 e6 2. d4 d5 3. e5 c5 4. c3 Nc6 5. Nf3 Qb6 6. Bd3 Bd7 7. O-O cxd4 8.
cxd4 Nxd4 9. Nxd4 Qxd4 10. Nc3 Qxe5 11. Re1 Qd6 12. Nb5 Qb6 13. Be3 Qa5 14.
Bd2 Qd8 15. Bf4 Rc8 16. Rc1 a6 17. Rxc8 Bxc8 18. Nc7+ Kd7 19. Qa4+ Ke7 20.
Qb4+ Kd7 21. Bb5+ axb5 22. Qxb5+ Ke7 23. Nxd5+ Qxd5 24. Qxd5 Nf6 25. Qc5+
Kd8 26. Qc7+ Ke8 27. Qxc8+ Ke7 28. Rd1 Nd5 29. Qxb7+ Kf6 30. Qb8 Kg6 31.
Qe5 Be7 32. Rd3 Bh4 33. Rg3+ Bxg3 34. Qg5# { Black checkmated } 1-0

[Event "ICC tourney 2579 (30 10)"]
[Site "Internet Chess Club"]
[Date "2021.05.22"]
[Round "3"]
[White "SRIRAM, SHRAVAN:chickenlord999"]
[Black "HEBBAR, ESHAAN:solveur"]
[Result "1-0"]
[ICCResult "Black resigns"]
[WhiteElo "1522"]
[BlackElo "1658"]
[Opening "QGD Slav: Slav gambit"]
[ECO "D15"]
[NIC "SL.03"]
[Time "15:00:21"]
[PlyCount "123"]
[TimeControl "1800+10"]

1. d4 d5 2. c4 c6 3. Nc3 Nf6 4. Nf3 dxc4 5. e4 b5 6. a4 b4 7. Na2 Nxe4 8.
Bxc4 e6 9. Bd2 Nxd2 10. Qxd2 a5 11. Qd1 Be7 12. Ne5 O-O 13. O-O Bb7 14. Bd3
Kh8 15. Qh5 g6 16. Bxg6 fxg6 17. Nxg6+ Kg8 18. Nxf8 Bxf8 19. Qg4+ Kf7 20.
Rfe1 Qf6 21. Rad1 c5 22. Re3 Bh6 23. Rh3 c4 24. d5 Bxd5 25. Rxd5 exd5 26.
Rf3 Ra6 27. Qh5+ Ke7 28. Rxf6 Rxf6 29. Qxd5 Re6 30. g3 Nc6 31. Qxc4 Rd6 32.
Kg2 Re6 33. Nc1 Bxc1 34. Qxc1 h6 35. Qc5+ Kd7 36. h4 Rd6 37. g4 Re6 38. g5
hxg5 39. hxg5 Re5 40. Qc1 Re6 41. Kg3 Nd4 42. Qd1 Rd6 43. Qg4+ Ne6 44. g6
Rd3+ 45. f3 Rd1 46. Kh3 Rh1+ 47. Kg2 Rh8 48. f4 Rg8 49. f5 Nc7 50. f6+ Ne6
51. f7 Rxg6 52. f8=N+ Kd6 53. Qxg6 Kc5 54. Qxe6 b3 55. Qxb3 Kd4 56. Ne6+
Ke5 57. Kf3 Kd6 58. Ke4 Ke7 59. Ke5 Kf7 60. Ng5+ Ke7 61. Qb7+ Kf8 62. Kf6 {
Black resigns } 1-0

[Event "ICC tourney 2579 (30 10)"]
[Site "Internet Chess Club"]
[Date "2021.05.22"]
[Round "3"]
[White "Hanke, Harvey:ThinkingPanda"]
[Black "XIAO, MICHAEL:michaelxiao"]
[Result "1-0"]
[ICCResult "Black resigns"]
[WhiteElo "1421"]
[BlackElo "1297"]
[Opening "French: exchange variation"]
[ECO "C01"]
[NIC "FR.01"]
[Time "15:00:28"]
[PlyCount "65"]
[TimeControl "1800+10"]

1. e4 e6 2. d4 d5 3. exd5 exd5 4. Nf3 Nf6 5. Bd3 Bd6 6. O-O O-O 7. h3 h6 8.
Re1 Be6 9. c3 c6 10. Ne5 Nbd7 11. Bf4 Re8 12. Nxf7 Bxf7 13. Bxd6 Rxe1+ 14.
Qxe1 Qb6 15. Ba3 Re8 16. Qd1 Ne4 17. Nd2 Ndf6 18. Qc2 Qc7 19. Nf3 Bh5 20.
Ne5 c5 21. Bxe4 Nxe4 22. Qb3 c4 23. Qa4 b6 24. Qb5 Qd8 25. Nxc4 Qf6 26.
Qxd5+ Bf7 27. Qb5 Qxf2+ 28. Kh1 Ng5 29. Ne5 Bh5 30. Rf1 Qg3 31. Qd7 Be2 32.
Qxe8+ Kh7 33. Qg6+ { Black resigns } 1-0

[Event "ICC tourney 2579 (30 10)"]
[Site "Internet Chess Club"]
[Date "2021.05.22"]
[Round "3"]
[White "SONI, ARJUN:turtle6"]
[Black "Ma, Tristan:xiaobear"]
[Result "1-0"]
[ICCResult "Black checkmated"]
[WhiteElo "1675"]
[BlackElo "1353"]
[Opening "Two knights defense (Modern bishop's opening)"]
[ECO "C55"]
[NIC "IG.01"]
[Time "15:00:27"]
[PlyCount "133"]
[TimeControl "1800+10"]

1. e4 e5 2. Nf3 Nc6 3. Bc4 Nf6 4. d3 Be7 5. Nc3 O-O 6. O-O Na5 7. Bb3 Nxb3
8. axb3 d6 9. h3 Be6 10. Be3 a6 11. Re1 Qd7 12. d4 exd4 13. Nxd4 Rad8 14.
f4 d5 15. f5 dxe4 16. fxe6 fxe6 17. Nde2 Qc6 18. Qc1 Bc5 19. Ng3 Bd6 20.
Bf2 Bxg3 21. Bxg3 Nh5 22. Bf2 e5 23. Qe3 Nf4 24. Qxe4 Qf6 25. Bg3 Qb6+ 26.
Qe3 Qxe3+ 27. Rxe3 Rd2 28. Bxf4 Rxf4 29. Re2 Rxe2 30. Nxe2 Re4 31. Nc3 Rd4
32. Rd1 Rxd1+ 33. Nxd1 Kf7 34. Kf2 Ke6 35. Ke3 c6 36. Nc3 b5 37. Ne4 Kd5
38. Ng5 h6 39. Nf3 c5 40. Nh4 c4 41. bxc4+ Kxc4 42. Nf5 b4 43. Nxg7 b3 44.
c3 a5 45. Nf5 a4 46. Kd2 e4 47. Ne3+ Kc5 48. g4 a3 49. bxa3 b2 50. Kc2
b1=Q+ 51. Kxb1 Kb5 52. Kb2 Kc6 53. a4 Kc7 54. a5 Kc8 55. Kb3 Kb7 56. Kb4 h5
57. gxh5 Ka6 58. h6 Kb7 59. h7 Kc8 60. h8=Q+ Kc7 61. Qf6 Kd7 62. Kc5 Ke8
63. Nf5 Kd7 64. Qd6+ Ke8 65. Qe6+ Kd8 66. Kd6 e3 67. Qd7# { Black
checkmated } 1-0

[Event "ICC tourney 2579 (30 10)"]
[Site "Internet Chess Club"]
[Date "2021.05.22"]
[Round "3"]
[White "Kumar, Agrim:agrimjax1"]
[Black "WADUTHANTHREE, THIHANSA OVINDEE:thihansa"]
[Result "1-0"]
[ICCResult "Black checkmated"]
[WhiteElo "1517"]
[BlackElo "1311"]
[Opening "French: advance, Paulsen attack"]
[ECO "C02"]
[NIC "FR.03"]
[Time "15:00:28"]
[PlyCount "127"]
[TimeControl "1800+10"]

1. e4 e6 2. d4 d5 3. e5 c5 4. c3 Nc6 5. Nf3 Qb6 6. a3 c4 7. Qc2 Na5 8. Nbd2
Bd7 9. Be2 Be7 10. O-O O-O-O 11. Re1 h5 12. Nf1 Nb3 13. Rb1 Ba4 14. Be3 Qb5
15. Bd1 Nc5 16. Qe2 Nd3 17. Bxa4 Qxa4 18. Red1 Nh6 19. Ne1 Nxe1 20. Rxe1
Nf5 21. Bc1 g5 22. Ne3 Nxe3 23. Bxe3 Qe8 24. b3 Qc6 25. b4 b5 26. Ra1 a6
27. Qd1 Kd7 28. a4 Ra8 29. axb5 axb5 30. Rxa8 Rxa8 31. Qxh5 Ke8 32. Bxg5
Bxg5 33. Qxg5 Qa6 34. h4 Qa3 35. Qe3 Qb3 36. Qg3 Ra3 37. Re3 Qc2 38. Kh2
Ra2 39. Rf3 Qh7 40. Qf4 Rc2 41. Qg5 Qg6 42. Qxg6 fxg6 43. Kg3 Rd2 44. Kg4
Rd3 45. Kg5 Rxf3 46. gxf3 Kf7 47. Kh6 Kf8 48. Kxg6 Kg8 49. Kf6 Kf8 50. Kxe6
Ke8 51. Kxd5 Kd7 52. h5 Ke7 53. e6 Kf6 54. Kd6 Kg5 55. e7 Kxh5 56. e8=Q+
Kg5 57. Qe5+ Kg6 58. Qf4 Kg7 59. Qf5 Kg8 60. Qf6 Kh7 61. Qg5 Kh8 62. Ke7
Kh7 63. Kf7 Kh8 64. Qh6# { Black checkmated } 1-0

[Event "ICC tourney 2579 (30 10)"]
[Site "Internet Chess Club"]
[Date "2021.05.22"]
[Round "3"]
[White "LI, IRIS:irisl"]
[Black "XIAO, MARINA:marinaxiao"]
[Result "1-0"]
[ICCResult "Black checkmated"]
[WhiteElo "1482"]
[BlackElo "1547"]
[Opening "Sicilian: Pelikan (Lasker/Sveshnikov) variation"]
[ECO "B33"]
[NIC "SI.35"]
[Time "15:00:27"]
[PlyCount "67"]
[TimeControl "1800+10"]

1. e4 c5 2. Nf3 Nc6 3. d4 cxd4 4. Nxd4 Nf6 5. Nc3 e5 6. Ndb5 d6 7. Nd5 Nxd5
8. exd5 Ne7 9. c3 Nf5 10. a4 a6 11. Na3 Be7 12. Bd3 Bg5 13. O-O O-O 14. Nc4
Bxc1 15. Qxc1 Re8 16. a5 e4 17. Be2 Qf6 18. Nb6 Rb8 19. Bg4 Ne7 20. Bxc8
Rbxc8 21. Nxc8 Rxc8 22. Qd2 Ng6 23. Rae1 Qf5 24. f3 exf3 25. Rxf3 Qh5 26.
Ref1 Ne5 27. Rf5 Qg6 28. Qg5 Qxg5 29. Rxg5 Rc5 30. Rd1 Rxa5 31. Rxe5 dxe5
32. d6 Rc5 33. d7 Rc7 34. d8=Q# { Black checkmated } 1-0

[Event "ICC tourney 2579 (30 10)"]
[Site "Internet Chess Club"]
[Date "2021.05.22"]
[Round "3"]
[White "VIDENA, DANIEL TUAPEN:Davide25"]
[Black "VENKATESH, NARAYAN:narayan0811"]
[Result "0-1"]
[ICCResult "White resigns"]
[WhiteElo "1528"]
[BlackElo "1040"]
[Opening "Grünfeld: 5.e3"]
[ECO "D94"]
[NIC "GI.09"]
[Time "15:00:27"]
[PlyCount "86"]
[TimeControl "1800+10"]

1. d4 Nf6 2. c4 g6 3. Nc3 d5 4. e3 Bg7 5. Nf3 O-O 6. Be2 c6 7. O-O Nbd7 8.
cxd5 cxd5 9. Qb3 e6 10. Bd2 Nb6 11. a4 Qc7 12. Rac1 Qe7 13. Nb5 Qd8 14. Bb4
Re8 15. Nc7 Bd7 16. a5 Nc4 17. Nxe8 Qxe8 18. Bxc4 dxc4 19. Qa2 Nd5 20. Bd6
Bb5 21. Rfd1 Ba4 22. Rd2 Bb3 23. Qa3 Qb5 24. Qc5 Qd7 25. Ne5 Bxe5 26. dxe5
b6 27. Qd4 bxa5 28. e4 Nb4 29. Qe3 Qb5 30. Qc5 Qxc5 31. Bxc5 Nd3 32. Rc3
Nxc5 33. f3 Nd3 34. Kf1 a4 35. Ke2 Nxe5 36. Re3 Nd3 37. g3 Rc8 38. f4 Rd8
39. h4 Nc1+ 40. Ke1 Rxd2 41. Kxd2 Nd3 42. e5 Nxb2 43. Kc3 Nd1+ { White
resigns } 0-1

[Event "ICC tourney 2579 (30 10)"]
[Site "Internet Chess Club"]
[Date "2021.05.22"]
[Round "3"]
[White "XIA, JOSHUA:MathMonkey"]
[Black "CHERUKURI, NITESH:Niteshc"]
[Result "0-1"]
[ICCResult "White checkmated"]
[WhiteElo "1381"]
[BlackElo "1746"]
[Opening "Caro-Kann: Tartakower (Nimzovich) variation"]
[ECO "B15"]
[NIC "CK.06"]
[Time "15:00:28"]
[PlyCount "148"]
[TimeControl "1800+10"]

1. e4 c6 2. d4 d5 3. Nc3 dxe4 4. Nxe4 Nf6 5. Nxf6+ exf6 6. Nf3 Bd6 7. Bd3
O-O 8. O-O Bg4 9. h3 Bh5 10. Bd2 Nd7 11. c3 Re8 12. Rc1 c5 13. d5 Ne5 14.
Be2 Bc7 15. c4 Qd6 16. g3 Bxf3 17. Bxf3 Qa6 18. Be2 Qxa2 19. Ra1 Qxb2 20.
Rb1 Qd4 21. Rxb7 Bb6 22. Be3 Qe4 23. Qb3 Qf5 24. Kg2 Qc8 25. Rxb6 axb6 26.
Qxb6 Ra2 27. Re1 Qf5 28. Qxc5 Rxe2 29. Rxe2 Qf3+ 30. Kh2 Qxe2 31. Qb5 Rf8
32. d6 Qxc4 33. Qb7 Qc6 34. Qxc6 Nxc6 35. Bc5 Rd8 36. Kg2 Na5 37. Kf3 Nb7
38. Bb6 Rxd6 39. Bc7 Rc6 40. Bf4 Rc2 41. Be3 Nc5 42. Kg2 Nd3 43. Kf1 Kf8
44. Kg2 Ke7 45. Kf3 Ke6 46. h4 Nxf2 47. Bxf2 Rxf2+ 48. Kxf2 Kf5 49. Kf3 g5
50. g4+ Ke5 51. h5 f5 52. Kg3 f4+ 53. Kf3 f5 54. h6 fxg4+ 55. Kxg4 Kf6 56.
Kf3 Kf5 57. Kf2 g4 58. Kg2 g3 59. Kf3 Kg5 60. Kg2 Kg4 61. Kg1 f3 62. Kf1
g2+ 63. Kg1 Kf4 64. Kf2 g1=Q+ 65. Kxg1 Kg3 66. Kh1 Kf4 67. Kg1 Ke3 68. Kf1
f2 69. Kg2 Ke2 70. Kg3 f1=Q 71. Kg4 Qf6 72. Kh5 Qg6+ 73. Kh4 Kf3 74. Kh3
Qxh6# { White checkmated } 0-1

[Event "ICC tourney 2579 (30 10)"]
[Site "Internet Chess Club"]
[Date "2021.05.22"]
[Round "3"]
[White "ZHANG, MULAN JIEMIN:Mulan2009"]
[Black "JIN, DAVID:smartgoldfish"]
[Result "1-0"]
[ICCResult "Black checkmated"]
[WhiteElo "1656"]
[BlackElo "1400"]
[Opening "Sicilian: dragon, Yugoslav attack, Rauser variation"]
[ECO "B76"]
[NIC "SI.17"]
[Time "15:00:24"]
[PlyCount "131"]
[TimeControl "1800+10"]

1. e4 c5 2. Nf3 d6 3. d4 cxd4 4. Nxd4 Nf6 5. Nc3 g6 6. f3 Bg7 7. Be3 O-O 8.
Qd2 Nc6 9. O-O-O Bd7 10. g4 Rc8 11. Be2 Ne5 12. h4 Nc4 13. Bxc4 Rxc4 14. h5
a6 15. hxg6 fxg6 16. Bh6 Nxe4 17. Nxe4 Rxd4 18. Qh2 Rxd1+ 19. Kxd1 Rf7 20.
Ng5 Bxb2 21. Nxf7 Kxf7 22. Bg5 Qa5 23. Qf4+ Kg8 24. Bxe7 Qd5+ 25. Ke2 Qe6+
26. Qe4 Bb5+ 27. Kf2 Be5 28. Bg5 Bc6 29. Qd3 d5 30. Be3 Bb5 31. Qd2 Qd6 32.
f4 Bg7 33. Bd4 Qe6 34. Bxg7 Kxg7 35. a4 Bc6 36. Qd4+ Kg8 37. Qe5 Qxg4 38.
Qb8+ Kg7 39. Qc7+ Bd7 40. Qe5+ Kg8 41. Qxd5+ Kg7 42. Qd6 Be6 43. Qe7+ Bf7
44. Qe5+ Kg8 45. Qe3 Qf5 46. Qd2 Qc5+ 47. Ke1 Qe7+ 48. Kd1 Qf6 49. c3 Bb3+
50. Kc1 Bxa4 51. Qa2+ Kg7 52. Qxa4 Qe7 53. Qd4+ Kg8 54. Qd5+ Kg7 55. Qe5+
Qxe5 56. fxe5 Kf7 57. Kd2 Ke7 58. Ke3 Ke6 59. Ke4 h5 60. Rg1 h4 61. Rxg6+
Kf7 62. Kf5 h3 63. e6+ Ke7 64. Rg7+ Ke8 65. Kf6 h2 66. Rg8# { Black
checkmated } 1-0

[Event "ICC tourney 2579 (30 10)"]
[Site "Internet Chess Club"]
[Date "2021.05.22"]
[Round "4"]
[White "XIAO, MICHAEL:michaelxiao"]
[Black "BAUTISTA, LUIS VINCENT:harrymanoc"]
[Result "1-0"]
[ICCResult "Black checkmated"]
[WhiteElo "1297"]
[BlackElo "625"]
[Opening "King's pawn game"]
[ECO "C50"]
[NIC "IG.03"]
[Time "17:00:12"]
[PlyCount "51"]
[TimeControl "1800+10"]

1. e4 e5 2. Nf3 Nc6 3. Bc4 h6 4. h3 Nf6 5. Nc3 Na5 6. Nxe5 Nxc4 7. Nxc4 Bc5
8. d4 Bd6 9. e5 Qe7 10. O-O O-O 11. exd6 cxd6 12. Re1 Qd8 13. Nxd6 Qb6 14.
Nxc8 Raxc8 15. Ne4 Nxe4 16. Rxe4 Rfe8 17. Rxe8+ Rxe8 18. b3 Qc7 19. Bb2 b5
20. Qg4 g6 21. d5 Re7 22. Qd4 f5 23. d6 Qxc2 24. dxe7 Qxb2 25. e8=Q+ Kh7
26. Qeh8# { Black checkmated } 1-0

[Event "ICC tourney 2579 (30 10)"]
[Site "Internet Chess Club"]
[Date "2021.05.22"]
[Round "4"]
[White "JIN, DAVID:smartgoldfish"]
[Black "TISMINEZKY, TAVI:tavit2"]
[Result "1-0"]
[ICCResult "Black resigns"]
[WhiteElo "1400"]
[BlackElo "1027"]
[Opening "Scotch gambit"]
[ECO "C44"]
[NIC "SO.06"]
[Time "17:00:06"]
[PlyCount "48"]
[TimeControl "1800+10"]

1. e4 e5 2. Nf3 Nc6 3. d4 exd4 4. Bc4 Bc5 5. c3 dxc3 6. Bxf7+ Kxf7 7. Qd5+
Ke8 8. Qxc5 cxb2 9. Bxb2 Nf6 10. O-O d6 11. Qc2 Kf7 12. Qc4+ Be6 13. Ng5+
Ke8 14. Qxe6+ Qe7 15. Qb3 Rb8 16. Nc3 Nd7 17. f4 Nc5 18. Qc4 Na5 19. Qb5+
Nc6 20. Nd5 Qd7 21. e5 dxe5 22. Qxc5 exf4 23. Rae1+ Kd8 24. Ne6+ Kc8 {
Black resigns } 1-0

[Event "ICC tourney 2579 (30 10)"]
[Site "Internet Chess Club"]
[Date "2021.05.22"]
[Round "4"]
[White "XIAO, MARINA:marinaxiao"]
[Black "SONI, ARJUN:turtle6"]
[Result "1-0"]
[ICCResult "Black checkmated"]
[WhiteElo "1547"]
[BlackElo "1675"]
[Opening "Giuoco Piano"]
[ECO "C54"]
[NIC "IG.02"]
[Time "17:00:11"]
[PlyCount "91"]
[TimeControl "1800+10"]

1. e4 e5 2. Nf3 Nc6 3. Bc4 Bc5 4. c3 Nf6 5. d3 d6 6. a4 a5 7. O-O O-O 8. h3
Be6 9. Bxe6 fxe6 10. Qb3 Qc8 11. Be3 Bxe3 12. fxe3 d5 13. exd5 exd5 14. e4
Rd8 15. Nbd2 Kh8 16. Ng5 Rd7 17. Rf3 h6 18. Ne6 Rd6 19. exd5 Rxd5 20. Rxf6
Ne7 21. Rf8+ Qxf8 22. Nxf8 Rxf8 23. c4 Rdd8 24. Rf1 Rxf1+ 25. Kxf1 b6 26.
Qc3 Nc6 27. Nf3 Rf8 28. Kg1 Re8 29. c5 Re6 30. Qc4 Rf6 31. cxb6 cxb6 32.
Qd5 Nb4 33. Qxe5 Nxd3 34. Qe8+ Kh7 35. Qe4+ Kh8 36. Qxd3 Rc6 37. Qe3 Kh7
38. Qe4+ Rg6 39. Ne5 Kg8 40. Qxg6 b5 41. Qf7+ Kh7 42. axb5 a4 43. b6 a3 44.
Qg6+ Kg8 45. b7 Kf8 46. Qf7# { Black checkmated } 1-0

[Event "ICC tourney 2579 (30 10)"]
[Site "Internet Chess Club"]
[Date "2021.05.22"]
[Round "4"]
[White "WADUTHANTHREE, THIHANSA OVINDEE:thihansa"]
[Black "SURESH, ARJUN:dolphinday"]
[Result "1-0"]
[ICCResult "Black checkmated"]
[WhiteElo "1311"]
[BlackElo "1120"]
[Opening "Caro-Kann: classical, 6.h4"]
[ECO "B18"]
[NIC "CK.12"]
[Time "17:00:12"]
[PlyCount "111"]
[TimeControl "1800+10"]

1. e4 c6 2. d4 d5 3. Nc3 dxe4 4. Nxe4 Bf5 5. Ng3 Bg6 6. h4 h6 7. h5 Bh7 8.
Nf3 Nd7 9. Bd3 Bxd3 10. Qxd3 Ngf6 11. Bd2 e6 12. O-O-O a5 13. Be1 a4 14.
Ne5 a3 15. b3 Nxe5 16. dxe5 Qxd3 17. Rxd3 Nd7 18. Bc3 Nb6 19. Ne2 Nd5 20.
Bd2 Be7 21. Kb1 O-O 22. Nf4 Rad8 23. Nxd5 Rxd5 24. Rxd5 exd5 25. f4 Rd8 26.
Re1 c5 27. Ba5 Ra8 28. Bc7 Bd8 29. Bxd8 Rxd8 30. Rd1 Kf8 31. c4 d4 32. Kc2
Ke7 33. Kd3 g6 34. hxg6 fxg6 35. Ke4 Ke6 36. g4 Rf8 37. Rh1 Rh8 38. f5+
gxf5+ 39. gxf5+ Kd7 40. Kd5 b6 41. e6+ Ke7 42. Ke5 h5 43. f6+ Ke8 44. Kd6
Rh6 45. f7+ Kf8 46. Kd7 Rh8 47. Rxh5 Rg8 48. fxg8=Q+ Kxg8 49. e7 d3 50. Rd5
d2 51. e8=Q+ Kg7 52. Rxd2 b5 53. Qe3 b4 54. Rf2 Kg6 55. Qg3+ Kh5 56. Rh2# {
Black checkmated } 1-0

[Event "ICC tourney 2579 (30 10)"]
[Site "Internet Chess Club"]
[Date "2021.05.22"]
[Round "4"]
[White "HEBBAR, ESHAAN:solveur"]
[Black "DUNIKOV, GLIB:GlibNest"]
[Result "1/2-1/2"]
[ICCResult "Game drawn by mutual agreement"]
[WhiteElo "1658"]
[BlackElo "1511"]
[Opening "Clemenz (Mead's, Basman's or de Klerk's) opening"]
[ECO "A00"]
[Time "17:00:11"]
[PlyCount "113"]
[TimeControl "1800+10"]

1. h3 e5 2. e4 Nc6 3. Nc3 Bc5 4. Bc4 Nf6 5. Nge2 O-O 6. O-O d6 7. d3 h6 8.
Be3 Bb6 9. Ng3 Be6 10. Bb3 Qd7 11. Qf3 Ne7 12. Bxh6 Ng6 13. Bg5 Nh7 14. Be3
Nf6 15. Nh5 Nh7 16. Nd5 Bxe3 17. fxe3 c6 18. Nc3 Bxb3 19. axb3 Qe7 20. Ne2
Qg5 21. Nhg3 Nh4 22. Qf2 Nf6 23. Nf5 Nxf5 24. exf5 Nd5 25. e4 Ne3 26. Rfc1
d5 27. Qg3 Qxg3 28. Nxg3 f6 29. Kf2 d4 30. Nf1 Nxf1 31. Kxf1 c5 32. Ra5 b6
33. Ra6 Kf7 34. Rca1 Rfe8 35. Rxa7+ Rxa7 36. Rxa7+ Re7 37. Rxe7+ Kxe7 38.
g4 Kf7 39. c3 b5 40. c4 b4 41. Kf2 g6 42. fxg6+ Kxg6 43. h4 Kh6 44. h5 Kg7
45. g5 fxg5 46. Kg3 Kh7 47. Kh3 Kg7 48. Kg4 Kh6 49. Kf5 Kxh5 50. Kxe5 g4
51. Kd6 g3 52. e5 g2 53. e6 g1=Q 54. e7 Qg6+ 55. Kd7 Qf7 56. Kd8 Qf6 57.
Kd7 { Game drawn by mutual agreement } 1/2-1/2

[Event "ICC tourney 2579 (30 10)"]
[Site "Internet Chess Club"]
[Date "2021.05.22"]
[Round "4"]
[White "HUANG, IVAN:ihuang"]
[Black "Hanke, Harvey:ThinkingPanda"]
[Result "1-0"]
[ICCResult "Black checkmated"]
[WhiteElo "1462"]
[BlackElo "1421"]
[Opening "Giuoco Piano"]
[ECO "C54"]
[NIC "IG.02"]
[Time "17:00:10"]
[PlyCount "123"]
[TimeControl "1800+10"]

1. e4 e5 2. Nf3 Nc6 3. Bc4 Bc5 4. c3 Nf6 5. d4 exd4 6. e5 d5 7. Bb5 Ne4 8.
cxd4 Bb6 9. Nc3 O-O 10. h3 Qe7 11. Nxd5 Qe6 12. Nxb6 axb6 13. O-O Qe7 14.
Re1 Bf5 15. Bd3 Nxd4 16. Bxe4 Nxf3+ 17. Bxf3 c6 18. Qb3 b5 19. Bd2 Be6 20.
Qc2 Rfd8 21. Be3 Qb4 22. a3 Qe7 23. Bc5 Qc7 24. Bd6 Qb6 25. Be4 h6 26. Re3
Re8 27. Rg3 Rad8 28. Qd2 f5 29. Qxh6 Rd7 30. Bf3 Bd5 31. Bh5 Re6 32. Qg5
Be4 33. Bg6 f4 34. Qh5 Qxf2+ 35. Kxf2 fxg3+ 36. Kxg3 Rxg6+ 37. Kf4 Bc2 38.
Rc1 Rf7+ 39. Ke3 Rg3+ 40. Kd4 b6 41. Qxf7+ Kxf7 42. Rxc2 c5+ 43. Kd5 Rd3+
44. Kc6 Ke6 45. Kxb6 c4 46. Kxb5 c3 47. bxc3 g5 48. a4 g4 49. hxg4 Kd5 50.
a5 Rd1 51. Ra2 Rb1+ 52. Bb4 Kxe5 53. a6 Kf4 54. a7 Kg3 55. a8=Q Kh4 56.
Qh8+ Kg3 57. Qh3+ Kf4 58. Qf3+ Kg5 59. Qf5+ Kh6 60. Ra6+ Kg7 61. Qd7+ Kg8
62. Ra8# { Black checkmated } 1-0

[Event "ICC tourney 2579 (30 10)"]
[Site "Internet Chess Club"]
[Date "2021.05.22"]
[Round "4"]
[White "CHERUKURI, NITESH:Niteshc"]
[Black "VIDENA, DANIEL TUAPEN:Davide25"]
[Result "1-0"]
[ICCResult "Black resigns"]
[WhiteElo "1746"]
[BlackElo "1528"]
[Opening "Caro-Kann: two knights, 3...Bg4"]
[ECO "B11"]
[NIC "CK.01"]
[Time "17:00:11"]
[PlyCount "49"]
[TimeControl "1800+10"]

1. e4 c6 2. Nc3 d5 3. Nf3 Bg4 4. h3 Bh5 5. exd5 cxd5 6. d4 a6 7. Be2 Nf6 8.
Be3 e6 9. O-O Bd6 10. Ne5 Bxe2 11. Qxe2 O-O 12. Bg5 Be7 13. f4 b5 14. a3
Qb6 15. Rad1 Rc8 16. f5 b4 17. axb4 Qxb4 18. fxe6 fxe6 19. Bxf6 Bxf6 20.
Rxf6 gxf6 21. Qg4+ Kf8 22. Qxe6 Qb7 23. Rf1 Rc7 24. Nxd5 Rg7 25. Rxf6+ {
Black resigns } 1-0

[Event "ICC tourney 2579 (30 10)"]
[Site "Internet Chess Club"]
[Date "2021.05.22"]
[Round "4"]
[White "LI, IRIS:irisl"]
[Black "SRIRAM, SHRAVAN:chickenlord999"]
[Result "1/2-1/2"]
[ICCResult "Game drawn by repetition"]
[WhiteElo "1482"]
[BlackElo "1522"]
[Opening "French: Winawer (Nimzovich) variation"]
[ECO "C15"]
[NIC "FR.08"]
[Time "17:00:09"]
[PlyCount "90"]
[TimeControl "1800+10"]

1. e4 e6 2. d4 d5 3. Nc3 Bb4 4. exd5 exd5 5. Bd3 c5 6. a3 Bxc3+ 7. bxc3 c4
8. Be2 h6 9. Nf3 Nf6 10. O-O O-O 11. Re1 Nc6 12. Bf4 Bg4 13. Ne5 Nxe5 14.
Bxe5 Bxe2 15. Qxe2 Re8 16. Bxf6 Qxf6 17. Qd2 Qg6 18. h3 Re6 19. Re2 Rae8
20. Rae1 Rxe2 21. Rxe2 Rxe2 22. Qxe2 Qd6 23. Qe8+ Qf8 24. Qa4 a6 25. Qb4
Qxb4 26. cxb4 b5 27. c3 Kf8 28. Kf1 Ke7 29. Ke2 Ke6 30. f4 f5 31. g3 g6 32.
Ke3 Kd6 33. Kd2 Kc6 34. Kc2 Kb6 35. Kb2 Kc6 36. Kc2 Kd6 37. Kd2 Kc6 38. Kc2
Kd6 39. Kd2 Kc6 40. Kc2 Kd6 41. Kd2 Kc6 42. Kc2 Kd6 43. Kd2 Kc6 44. Kc2 Kd6
45. Kd2 Kc6 { Game drawn by repetition } 1/2-1/2

[Event "ICC tourney 2579 (30 10)"]
[Site "Internet Chess Club"]
[Date "2021.05.22"]
[Round "4"]
[White "LIAO, CONNOR:che2468"]
[Black "Kumar, Agrim:agrimjax1"]
[Result "1/2-1/2"]
[ICCResult "Game drawn because neither player has mating material"]
[WhiteElo "1423"]
[BlackElo "1517"]
[Opening "Queen's pawn: Yusupov-Rubinstein system"]
[ECO "A46"]
[NIC "QP.06"]
[Time "17:00:11"]
[PlyCount "149"]
[TimeControl "1800+10"]

1. d4 Nf6 2. Nf3 e6 3. e3 b6 4. b3 Bb7 5. Bb2 Be7 6. Bd3 O-O 7. O-O d5 8.
Nbd2 Nbd7 9. Ne5 Nxe5 10. dxe5 Nd7 11. f4 Nc5 12. Be2 Qd7 13. c4 Rad8 14.
Qc2 Qc6 15. Bf3 Qd7 16. Rad1 Qc8 17. Rf2 Rd7 18. cxd5 Bxd5 19. Bxd5 Rxd5
20. Nc4 Rfd8 21. Rfd2 Rxd2 22. Rxd2 Rxd2 23. Qxd2 Qd8 24. Bd4 Na6 25. Bc3
Qxd2 26. Bxd2 Nb4 27. a4 Nd3 28. Kf1 Nc5 29. Bb4 Kf8 30. Bxc5 Bxc5 31. Ke2
Ke7 32. Kd3 a6 33. g4 b5 34. axb5 axb5 35. Nd2 Bb6 36. h3 f5 37. g5 Ba5 38.
Nf3 c5 39. e4 g6 40. exf5 exf5 41. Nd2 Bb6 42. Nf1 Ke6 43. Ne3 Ba5 44. Nc2
Kd5 45. Ne3+ Ke6 46. Nc2 Kd7 47. Ke2 Bc3 48. Kd3 Ba5 49. Ke2 Bb6 50. Ne3
Ke6 51. Kd3 Bd8 52. Nd1 Be7 53. Nc3 c4+ 54. bxc4 bxc4+ 55. Kxc4 Bxg5 56.
fxg5 Kxe5 57. Kd3 Kf4 58. Ke2 Kxg5 59. Kf3 Kh4 60. Kg2 f4 61. Ne2 f3+ 62.
Kxf3 Kxh3 63. Nf4+ Kh4 64. Kg2 Kg4 65. Nh3 h5 66. Nf2+ Kf5 67. Nh1 g5 68.
Ng3+ Kg4 69. Ne4 h4 70. Nf2+ Kh5 71. Kh3 Kg6 72. Kg4 Kf6 73. Nh3 Kg6 74.
Nxg5 h3 75. Nxh3 { Game drawn because neither player has mating material }
1/2-1/2

[Event "ICC tourney 2579 (30 10)"]
[Site "Internet Chess Club"]
[Date "2021.05.22"]
[Round "4"]
[White "Ma, Tristan:xiaobear"]
[Black "XIA, JOSHUA:MathMonkey"]
[Result "1-0"]
[ICCResult "Black checkmated"]
[WhiteElo "1353"]
[BlackElo "1381"]
[Opening "Ruy Lopez: 5.O-O"]
[ECO "C78"]
[NIC "RL.12"]
[Time "17:00:12"]
[PlyCount "101"]
[TimeControl "1800+10"]

1. e4 e5 2. Nf3 Nc6 3. Bb5 a6 4. Ba4 Nf6 5. O-O b5 6. Bb3 Bc5 7. Re1 Ng4 8.
Rf1 O-O 9. h3 Nf6 10. Re1 d6 11. c3 Be6 12. Bc2 h6 13. d4 exd4 14. cxd4 Bb4
15. Nc3 d5 16. e5 Nd7 17. a3 Bxc3 18. bxc3 Re8 19. Qd3 Nf8 20. Nh2 Na5 21.
Qg3 g5 22. Ng4 Bxg4 23. Qxg4 Kg7 24. Re3 Qd7 25. Qh5 Ne6 26. Rg3 Rh8 27. f4
Rag8 28. f5 Nd8 29. a4 Nc4 30. axb5 axb5 31. Ra6 Nc6 32. f6+ Kf8 33. Ra8+
Nd8 34. Bd3 Nb6 35. Bxb5 c6 36. Ra6 Qb7 37. Bf1 Ne6 38. Ra2 Nc7 39. Ba3+
Ke8 40. Bc5 Nc4 41. Bxc4 dxc4 42. Qe2 Qb1+ 43. Kh2 h5 44. Ra7 Qb8 45. Qxc4
h4 46. Rg4 Nd5 47. Qa2 Nc7 48. Bd6 Kd7 49. Qxf7+ Kc8 50. Rxc7+ Kd8 51. Qd7#
{ Black checkmated } 1-0